 Dungeon Crawl Stone Soup version 0.22-a0-456-g11ed031 (webtiles) character file.

657 KristoblXynda the Conjurer (level 7, -3/75 HPs)
             Began as a Grey Draconian Conjurer on June 7, 2018.
             Splashed by Pikel's acid (14 damage)
             ... on level 4 of the Dungeon.
             The game lasted 00:09:56 (4412 turns).

KristoblXynda the Conjurer (DrCj)                   Turns: 4412, Time: 00:09:57

Health: -3/75      AC: 23    Str: 11    XL:     7   Next: 29%
Magic:  1/14       EV:  2    Int: 17    God:
Gold:   215        SH:  0    Dex: 11    Spells: 7/15 levels left

rFire    . . .     SeeInvis .   c - +2 dagger (drain)
rCold    . . .     Gourm    .   (no shield)
rNeg     + + +     Faith    .   (armour unavailable)
rPois    +         Spirit   .   (helmet currently unavailable)
rElec    .         Reflect  .   (cloak currently unavailable)
rCorr    .         Harm     .   (gloves currently unavailable)
MR       .....     NoTele   +   (boots currently unavailable)
Stlth    ++........             (no amulet)
HPRegen  0.22/turn              i - ring of poison resistance
MPRegen  0.14/turn              (no ring)

@: tree-form, very slightly contaminated
A: (walk through water), unfitting armour, AC +11
a: no special abilities


You were on level 4 of the Dungeon.
You were hungry.
You were a tree.
You visited 1 branch of the dungeon, and saw 4 of its levels.

You collected 215 gold pieces.

Inventory:

Hand Weapons
 c - a +2 dagger of draining (weapon)
Jewellery
 i - a ring of poison resistance (left branch)
Wands
 q - a wand of paralysis (8)
Scrolls
 a - a scroll of remove curse {unknown}
 e - 3 scrolls of fear
 f - a scroll of identify
 g - 2 scrolls of enchant weapon {unknown}
 h - 3 scrolls of teleportation {unknown}
 j - a scroll of immolation {unknown}
 k - a scroll of blinking {unknown}
 m - a scroll of magic mapping {unknown}
 o - 3 scrolls of random uselessness {unknown}
 p - a scroll of enchant armour {unknown}
Potions
 n - a potion of flight
Comestibles
 b - 7 rations
 d - 3 chunks of flesh


   Skills:
 - Level 1.7 Dodging
 - Level 1.7 Stealth
 + Level 4.9 Spellcasting
 + Level 6.4 Conjurations
 + Level 3.0 Hexes


You had 7 spell levels left.
You knew the following spells:

 Your Spells              Type           Power        Failure   Level  Hunger
a - Magic Dart            Conj           ####         1%          1    None
b - Dazzling Spray        Conj/Hex       ###...       6%          3    ###....
c - Iskenderun's Mystic   Conj           ####....     11%         4    ####...

Your spell library contained the following spells:

 Spells                   Type           Power        Failure   Level  Hunger
 Fulminant Prism          Conj/Hex       ###.......   21%         4    ####...
 Force Lance              Conj/Tloc      ###.....     36%         4    ####...
 Searing Ray              Conj           ####..       1%          2    #......


Dungeon Overview and Level Annotations

Branches:
Dungeon (4/15)
 Temple: D:4-7

Altars:
Fedhas
Okawaru
Trog
Uskayaw

Annotations:
D:4 Pikel


Innate Abilities, Weirdness & Mutations

((You can walk through water.))
((Your dull iron-grey scales are very hard. (AC +11)))
You cannot fit into any form of body armour.
((You can survive without breathing.))
((You are cold-blooded and may be slowed by cold attacks.))


Message History

You hit Pikel but do no damage. You drain Pikel!
Pikel is heavily wounded.
Pikel zaps a wand.
The bolt of acid hits you!
You are splashed with acid!
The acid burns!
You turn into a tree.
Your roots penetrate the ground.
Pikel hits you but does no damage.
A slave comes into view.
You closely miss Pikel.
Pikel is heavily wounded.
Pikel hits you but does no damage.
You hit Pikel. You drain Pikel!
Pikel is severely wounded.
Pikel hits you but does no damage.
You hit Pikel but do no damage. You drain Pikel!
Pikel is severely wounded.
Pikel zaps a wand.
Helpless, you fail to dodge the bolt of acid.
* * * LOW HITPOINT WARNING * * *
You are splashed with acid!
The acid burns!
You die...

#..#.#
#..#.#####
...#.....#
###
#####.#
#.# #.#
#.# .# #.#
#.# #♣#
##.# #K#
...# # #p#
##.# .#
#p#
##.##.#
#p#
......####
#.#
#.........
...
#...#####
#.# ##.##


You could see Pikel and 3 slaves.

Vanquished Creatures
  Menkaure (D:4)
  Edmund (D:4)
  A slave (D:4)
  A howler monkey (D:4)
  2 hounds (D:4)
  2 worker ants (D:4)
  3 orc wizards
  8 adders
  3 oozes
  An adder skeleton (D:4)
  A worm (D:2)
  2 leopard geckos
  12 orcs
  A ball python (D:2)
  7 bats
  4 giant cockroaches
  11 goblins
  9 hobgoblins
  8 jackals
  6 kobolds
  3 quokkas
  7 frilled lizards
  8 rats
102 creatures vanquished.

Vanquished Creatures (others)
  4 plants (D:3)
4 creatures vanquished.

Grand Total: 106 creatures vanquished

Notes
Turn   | Place    | Note
-------+----------+-------------------------------------------
     0 | D:1      | KristoblXynda the Draconian Conjurer began the quest for the Orb.
     0 | D:1      | Reached XP level 1. HP: 14/14 MP: 3/3
   234 | D:1      | Reached XP level 2. HP: 20/20 MP: 3/5
   934 | D:2      | Reached XP level 3. HP: 26/26 MP: 2/7
  1802 | D:2      | Reached XP level 4. HP: 33/33 MP: 0/8
  1871 | D:2      | Learned a level 3 spell: Dazzling Spray
  1876 | D:2      | Learned a level 4 spell: Iskenderun's Mystic Blast
  2466 | D:2      | Reached skill level 5 in Conjurations
  2832 | D:3      | Reached XP level 5. HP: 33/38 MP: 1/10
  2856 | D:3      | HP: 1/38 [poisoned by an adder]
  2858 | D:3      | Reached skill level 1 in Hexes
  3076 | D:3      | Found an iron altar of Okawaru.
  3132 | D:3      | Found a bloodstained altar of Trog.
  3967 | D:4      | Found a blossoming altar of Fedhas.
  4001 | D:4      | Reached XP level 6. HP: 45/45 MP: 2/12
  4149 | D:4      | Noticed a hand axe
  4150 | D:4      | Noticed a hand axe
  4151 | D:4      | Noticed Edmund
  4153 | D:4      | Found a hide-covered altar of Uskayaw.
  4193 | D:4      | Killed Edmund
  4193 | D:4      | Reached skill level 6 in Conjurations
  4195 | D:4      | Noticed Menkaure
  4203 | D:4      | Killed Menkaure
  4203 | D:4      | Your scales start taking on a dull iron-grey colour.
  4203 | D:4      | Reached XP level 7. HP: 40/50 MP: 9/14
  4203 | D:4      | Gained mutation: You can survive without breathing. [Grey Draconian growth]
  4398 | D:4      | Noticed Pikel
  4412 | D:4      | Splashed by Pikel's acid

Vault maps used:
D:1:      minmay_arrival_loop, kennysheep_pointless_box
D:2:      wad_pebble_path, minmay_pentomino_x4
D:3:      bloody_trog, overflow_temple_1_default, first_ration,
          serial_bayou_lagoon_a, kennysheep_generic_room_14
D:4:      dancing_weapons_uskayaw, lemuel_round_altar, uniq_pikel, uniq_edmund,
          uniq_menkaure

Skill      XL: |  1  2  3  4  5  6  7 |
---------------+----------------------+-----
Spellcasting   | 3 4 |  4.9
Conjurations   | 5 6 |  6.4
Hexes          | 1 2 3 |  3.0
Dodging        | |  1.7
Stealth        | |  1.7

Action                   |  1- 3 |  4- 6 |  7- 9 || total
-------------------------+-------+-------+-------++-------
Melee: Unarmed           |    15 |       |       ||    15
       Dagger            |    21 |    28 |    28 ||    77
       Tailslap          |     5 |    10 |     3 ||    18
       Whip              |    17 |     4 |       ||    21
       War axe           |       |    37 |       ||    37
 Cast: Magic Dart        |    72 |   135 |    21 ||   228
Evoke: Wand              |       |     3 |       ||     3
  Use: Scroll            |       |     2 |     3 ||     5
       Potion            |       |     3 |     1 ||     4
 Stab: Paralysed         |       |    14 |       ||    14
  Eat: Chunk             |     3 |     8 |       ||    11
Armor: Skin              |    17 |    26 |    14 ||    57
Dodge: Dodged            |    38 |    57 |    14 ||   109

Table legend:
 A = Spawn XP
 B = Non-spawn XP
 C = Spawn XP percentage of total XP
 D = Spawn monster count
 E = Non-spawn monster count
 F = Spawn count percentage of total count
 G = Total turns spent on level
                    A         B        C        D         E        F      G
               +---------+---------+-------+---------+---------+-------+---------
         Total |       0 |     939 |   0.0 |       0 |     101 |   0.0 |  4412
               +---------+---------+-------+---------+---------+-------+---------
           D:1 |       0 |      33 |   0.0 |       0 |      19 |   0.0 |   877
           D:2 |       0 |      94 |   0.0 |       0 |      32 |   0.0 |  1626
           D:3 |       0 |     171 |   0.0 |       0 |      30 |   0.0 |  1280
           D:4 |       0 |     641 |   0.0 |       0 |      20 |   0.0 |   629
               +---------+---------+-------+---------+---------+-------+---------
